AoeStats
← PLEASE, PLEASE, PLEASE

Nomad

511519065Analyzed
4v4 RM · 13d ago on Oct 5, 2026· 44m 1s· 8 players
Game mode
Random Map
Map size
231×231
Population
200
Speed
Normal
Resources
Standard
Victory
Conquest
Starting age
Dark Age
Ending age
Imperial Age
RankedLock teamsTeams togetherTeam positionsShared explorationLock speedFull tech treeHidden civsTurbo modeCheats
Victory
Defeat
🇦🇷 Vietnamese · Argentina
1291
+14
🇨🇳 Bohemians · China
1282
+14
🇨🇳 Varangians · China
1264
+15
🇮🇳 Ethiopians · India
1257
+15
vs
🇰🇷 Armenians · South Korea
1295
-17
🇰🇷 Varangians · South Korea
1253
-15
🇵🇪 Saracens · Peru
1212
-13
🇭🇰 Huns · Hong Kong SAR China
1209
-13
CYJ8564
6:41 Loom
15:14 Feudal Age
20:08 Castle Age
18:47 Double-Bit Axe
18:47 Fishing Lines
19:44 Stone Mining
19:45 Gold Mining
21:02 Gillnets
22:33 Bow Saw
22:05 Horse Collar
27:28 Heavy Plow
28:05 Stone Shaft Mining
28:41 Wheelbarrow
30:19 Hand Cart
33:37 Imperial Age
31:48 Husbandry
31:59 Bloodlines
33:21 Forging
33:17 Scale Barding Armor
33:48 Elite Battle Elephant
35:10 Iron Casting
35:28 Chatras
36:39 Chain Barding Armor
41:13 Plate Barding Armor
41:47 Light Cavalry
XxBuzzXx
5:10 Loom
14:44 Feudal Age
18:36 Castle Age
16:46 Double-Bit Axe
20:45 Scale Mail Armor
20:56 Forging
21:43 Horse Collar
32:25 Fishing Lines
35:16 Imperial Age
33:30 Royal Heirs
34:15 Bow Saw
35:55 Iron Casting
35:36 Chain Mail Armor
35:35 Gillnets
36:20 Conscription
38:14 Plate Mail Armor
38:41 Wheelbarrow
38:19 Heavy Plow
39:46 Blast Furnace
39:12 Squires
38:58 Arson
40:52 Fletching
40:52 Elite Shotel Warrior
43:16 Bodkin Arrow
ruibizca
4:33 Loom
13:34 Feudal Age
15:05 Town Watch
15:21 Double-Bit Axe
15:28 Gold Mining
18:42 Castle Age
17:20 Fishing Lines
18:23 Fletching
19:45 Bow Saw
20:15 Bodkin Arrow
22:17 Gillnets
22:44 Medium Warships
23:01 Gillnets
30:34 Horse Collar
30:46 Stone Mining
31:14 Masonry
31:14 Fortified Wall
34:21 Imperial Age
35:07 Forging
34:58 Scale Mail Armor
35:46 Wheelbarrow
35:11 Heavy Plow
35:48 Stone Shaft Mining
36:14 Two-Man Saw
35:27 Treadmill Crane
36:48 Chemistry
36:08 Scale Barding Armor
36:38 Iron Casting
36:54 Conscription
35:57 Vendel Legacy
36:10 Cavalier
37:00 Bloodlines
36:50 Husbandry
38:49 Chain Barding Armor
40:33 Blast Furnace
41:01 Capped Ram
42:41 Siege Ram
44:59 Plate Barding Armor
lelouch
4:51 Loom
13:54 Feudal Age
15:16 Town Watch
17:49 Castle Age
17:05 Double-Bit Axe
17:47 Horse Collar
20:57 Bow Saw
25:22 Wheelbarrow
24:55 Town Patrol
32:50 Imperial Age
31:36 Hand Cart
35:35 Conscription
36:40 Chemistry
35:25 Pikeman
36:08 Scale Mail Armor
36:18 Forging
37:19 Halberdier
38:00 Squires
39:53 Two-Man Saw
39:57 Elite Hussite Wagon
43:35 Padded Archer Armor
43:26 Fletching
43:40 Padded Archer Armor
43:58 Chain Mail Armor
PLEASE, PLEASE, PLEASE
4:25 Loom
13:47 Feudal Age
14:29 Fishing Lines
14:57 Double-Bit Axe
19:03 Castle Age
17:34 Gold Mining
20:20 Wheelbarrow
21:40 Horse Collar
27:43 Bow Saw
28:11 Gold Shaft Mining
27:39 Fletching
29:16 Bodkin Arrow
31:27 Ballistics
36:00 Imperial Age
33:40 Padded Archer Armor
36:02 Elite Composite Bowman
39:39 Hand Cart
39:09 Town Watch
39:30 Bracer
39:46 Leather Archer Armor
40:34 Chemistry
39:15 Treadmill Crane
Gustavsson
7:16 Loom
14:27 Feudal Age
20:06 Castle Age
17:50 Fishing Lines
18:39 Fletching
19:07 Double-Bit Axe
20:18 Stone Mining
21:14 Bow Saw
22:15 Gillnets
23:48 Gold Mining
24:33 Stone Shaft Mining
24:53 Bodkin Arrow
26:47 Wheelbarrow
27:56 Ballistics
30:33 Treadmill Crane
31:26 Clinker Construction
33:06 Hand Cart
37:05 Imperial Age
38:28 Conscription
38:06 Elite Jarl
40:35 Forging
40:31 Scale Barding Armor
43:33 Iron Casting
game 4 fun
5:59 Loom
15:08 Feudal Age
19:18 Castle Age
17:30 Double-Bit Axe
17:55 Horse Collar
18:59 Fletching
20:29 Bow Saw
22:31 Padded Archer Armor
El Botascha 2.0
3:45 Loom
17:36 Feudal Age
19:32 Town Watch
22:38 Castle Age
20:45 Fishing Lines
21:07 Town Watch
23:28 Gillnets
23:21 Horse Collar
41:18 Wheelbarrow
Connection lost

Rejoining the realm…

Still unreachable

The connection could not be restored.

Session expired

The server has moved on; the page needs a fresh start.